Map: Ruins of Seras

Players

DmitrySt

  • Race: Zerg Zerg
  • League: Diamond

Lethologica - Winner!

  • Race: Terran Terran
  • League: Platinum

VOD

Have the link to the VOD?

Description

Time

  • Played on: Nov. 19, 2015, 1:40 a.m.
  • Length: 15:10
Show
View Real Time Build Order
Export as new Build Order

DmitrySt Zerg 

Build Orders: Hatch First, Muta Ling Bane 

Get SALT Encoding   

  12  0:01  Drone  
  13  0:17  Drone  
  13  0:18  Overlord  
  14  0:37  Drone x2  
  16  0:45  Drone  
  17  0:57  Hatchery  
  16  1:06  Drone  
  16  1:07  Drone  
  18  1:15  Extractor  
  18  1:18  Spawning Pool  
  16  1:19  Drone  
  16  1:23  Drone  
  18  1:38  Drone  
  19  1:46  Drone  
  20  1:53  Overlord  
  20  2:04  Queen  
  22  2:10  Queen  
  22  2:13  Zergling x4  
  26  2:16  Metabolic Boost  
  26  2:19  Drone  
  27  2:23  Drone  
  28  2:31  Drone x2  
  30  2:40  Drone  
  31  2:49  Overlord  
  31  2:50  Drone  
  32  3:09  Drone  
  32  3:10  Drone x3  
  36  3:13  Drone x3  
  39  3:20  Overlord x3  
  39  3:21  Drone  
  39  3:22  Drone  
  40  3:42  Lair, Extractor  
  40  3:46  Drone x4  
  43  3:51  Drone x3  
  46  3:59  Hatchery  
  45  4:05  Drone x2  
  45  4:07  Extractor  
  45  4:09  Extractor  
  45  4:37  Drone x10  
  55  4:41  Queen  
  57  5:01  Drone x5  
  57  5:02  Drone  
  63  5:07  Spire  
  63  5:11  Evolution Chamber  
  61  5:15  Queen  
  63  5:24  Zergling x2  
  63  5:25  Overlord, Zergling x6, Extractor  
  63  5:26  Overlord x2, Extractor  
  65  5:35  Baneling Nest  
  64  5:37  Spine Crawler  
  64  5:38  Zerg Melee Weapons Level 1  
  63  5:44  Spore Crawler  
  63  5:47  Spine Crawler  
  61  6:03  Drone  
  61  6:04  Drone x4  
  66  6:06  Overlord x2  
  66  6:25  Mutalisk x9  
  66  6:27  Mutalisk x4  
  92  6:40  Mutalisk  
  92  6:41  Mutalisk  
  92  6:45  Zerg Flyer Weapons Level 1  
  96  6:48  Drone x2  
  96  6:49  Hatchery  
  97  7:05  Mutalisk x4  
  97  7:06  Overlord x2  
  105  7:16  Overlord x3  
  105  7:17  Drone  
  106  7:36  Mutalisk x4  
  106  7:37  Mutalisk  
  108  7:38  Overlord x2  
  116  7:48  Mutalisk x2  
  116  7:57  Overlord x3  
  110  8:07  Overlord  
  110  8:08  Overlord  
  110  8:12  Queen  
  112  8:14  Drone x4  
  112  8:15  Drone x5  
  121  8:20  Zerg Melee Weapons Level 2  
  121  8:22  Centrifical Hooks  
  121  8:27  Drone x3  
  121  8:30  Extractor  
  121  8:31  Extractor  
  122  8:38  Overseer  
  122  8:42  Overlord x2  
  122  8:43  Drone  
  123  8:56  Spore Crawler  
  123  8:57  Drone, Spine Crawler  
  123  8:58  Drone x4  
  123  8:59  Drone x4  
  123  9:00  Drone x2  
  123  9:02  Mutalisk x3  
  138  9:11  Zerg Flyer Weapons Level 2  
  138  9:13  Infestation Pit  
  137  9:24  Mutalisk  
  137  9:25  Mutalisk x4  
  137  9:30  Pneumatized Carapace  
  147  9:49  Mutalisk  
  147  9:50  Mutalisk x3  
  147  9:51  Overlord x3  
  147  9:52  Zergling x2  
  156  9:53  Zergling x20  
  158  10:00  Zergling x8  
  158  10:01  Zergling x2  
  158  10:04  Zergling x2  
  143  10:18  Zergling x6  
  132  10:27  Baneling  
  132  10:28  Baneling x3  
  99  10:40  Zergling x6  
  99  10:41  Zergling x24  
  103  10:52  Overseer  
  103  10:55  Drone  
  103  10:56  Drone  
  101  11:01  Hive  
  96  11:30  Overseer  
  90  11:39  Hatchery  
  89  11:41  Zerg Ground Armor Level 1  
  89  11:43  Zerg Flyer Armor Level 1  
  83  12:08  Mutalisk x3  
  83  12:09  Mutalisk x4  
  83  12:11  Zergling x6  
  83  12:12  Zergling x20  
  110  12:19  Hatchery x2  
  110  12:22  Hatchery  
  107  12:26  Overlord x3  
  107  12:50  Mutalisk x5  
  117  12:51  Hatchery  
  117  12:52  Zergling x12  
  122  13:06  Queen  
  122  13:08  Drone x4  
  122  13:09  Drone x6  
  134  13:17  Baneling  
  130  13:20  Zergling x2  
  130  13:21  Zergling x2  
  124  13:30  Zergling x18  
  110  13:41  Zergling x2  
  110  13:42  Zergling x14  
  110  13:44  Baneling x2  
  110  13:45  Baneling  
  110  13:46  Baneling  
  110  13:47  Zergling x4  
  120  13:50  Zergling x6  
  115  13:58  Zergling x2  
  115  13:59  Zergling x10  
  78  14:10  Zergling x18  
  82  14:23  Zergling x16  
  83  14:31  Queen  
  83  14:37  Zergling x18  
  86  14:39  Overseer  
  86  14:42  Baneling  
  86  14:43  Zergling x2, Baneling  
  86  14:44  Zergling x4  
  85  14:49  Spine Crawler  
Show
View Real Time Build Order
Export as new Build Order

Lethologica Terran - Winner!

Build Orders: Command Center First (CC) 

Get SALT Encoding   

  12  0:00  SCV  
  13  0:13  SCV  
  14  0:23  Supply Depot  
  14  0:25  SCV  
  15  0:45  SCV  
  16  0:57  SCV  
  16  1:03  Command Center  
  17  1:09  SCV  
  18  1:18  Barracks  
  18  1:22  SCV  
  19  1:34  SCV  
  19  1:37  Refinery  
  19  1:39  Refinery  
  20  1:46  SCV  
  21  1:47  Supply Depot  
  21  1:58  SCV  
  22  2:06  Marine  
  23  2:16  Orbital Command  
  23  2:20  Bunker  
  23  2:24  Marine  
  24  2:30  Orbital Command  
  24  2:42  Marine  
  25  2:45  Factory  
  25  2:51  SCV  
  26  3:02  SCV  
  26  3:03  SCV  
  26  3:05  Barracks Reactor  
  28  3:13  Barracks  
  28  3:14  SCV  
  28  3:15  SCV  
  30  3:26  SCV  
  31  3:27  SCV  
  31  3:30  Factory Reactor  
  32  3:38  SCV  
  32  3:39  SCV  
  33  3:45  Command Center  
  33  3:49  Marine x2  
  33  3:50  SCV  
  36  3:56  SCV  
  36  3:57  Supply Depot  
  36  4:02  Barracks Tech Lab  
  37  4:03  SCV  
  37  4:08  SCV, Widow Mine x2  
  43  4:10  Marine x2  
  43  4:15  SCV  
  46  4:20  SCV, Supply Depot  
  47  4:25  Stimpack  
  47  4:27  SCV, Barracks  
  48  4:32  Marine  
  48  4:33  Marine  
  48  4:34  Marauder  
  48  4:36  SCV  
  53  4:43  SCV  
  54  4:50  Widow Mine x2  
  54  4:51  SCV  
  59  4:55  SCV  
  59  4:56  Marine x2  
  59  4:57  Marauder  
  59  4:59  Supply Depot  
  63  5:01  Starport  
  63  5:03  SCV  
  64  5:07  Orbital Command  
  64  5:11  SCV  
  64  5:13  Refinery  
  65  5:16  Marine x2  
  65  5:17  Barracks Reactor  
  65  5:19  SCV  
  68  5:32  Engineering Bay  
  68  5:33  SCV x3, Engineering Bay  
  71  5:35  Marine  
  71  5:40  Marine  
  71  5:41  Starport Reactor  
  71  5:42  Widow Mine  
  73  5:43  Widow Mine  
  73  5:45  SCV x3  
  73  5:47  Marauder  
  82  5:50  Supply Depot  
  82  5:51  Orbital Command  
  82  5:57  SCV x2  
  82  5:59  Refinery  
  84  6:09  SCV  
  85  6:11  Command Center  
  85  6:12  SCV, Marauder, Marine x4  
  92  6:18  Terran Infantry Armor Level 1  
  92  6:20  Terran Infantry Weapons Level 1  
  92  6:21  SCV  
  93  6:28  SCV  
  93  6:49  Supply Depot  
  93  6:51  Supply Depot, Missile Turret  
  93  6:52  Supply Depot  
  93  6:54  Supply Depot  
  93  6:55  Missile Turret  
  93  6:56  Missile Turret  
  93  7:04  Missile Turret  
  93  7:06  Marine x4  
  93  7:07  SCV x2, Marauder  
  101  7:10  Widow Mine x2  
  101  7:11  SCV, Medivac  
  101  7:13  Barracks, Medivac  
  101  7:15  Barracks  
  110  7:19  SCV  
  110  7:20  SCV  
  112  7:24  SCV  
  112  7:26  Refinery x2  
  108  7:41  Missile Turret  
  107  7:45  Missile Turret  
  107  7:48  Missile Turret  
  100  7:52  Missile Turret  
  100  7:56  Missile Turret  
  100  7:58  Missile Turret  
  97  8:12  Marine x2  
  97  8:13  Marauder, Widow Mine x2, Marine x2  
  97  8:14  Medivac x2  
  97  8:15  SCV  
  112  8:22  SCV  
  113  8:27  Armory  
  113  8:33  SCV, Missile Turret  
  114  8:35  Marine x4  
  114  8:36  Missile Turret, Marauder  
  114  8:38  Orbital Command  
  120  8:44  Medivac, Widow Mine x2  
  120  8:45  Medivac  
  126  8:51  Barracks Reactor  
  126  8:52  Barracks Reactor  
  126  8:53  Marine x3  
  129  9:04  SCV  
  129  9:06  Missile Turret  
  129  9:09  Missile Turret  
  130  9:10  SCV  
  130  9:14  Medivac, Marine x4  
  130  9:15  Marauder  
  130  9:16  Terran Infantry Weapons Level 2, Terran Infantry Armor Level 2  
  139  9:36  SCV  
  140  9:46  Missile Turret  
  140  9:47  Missile Turret  
  140  9:48  Missile Turret  
  119  10:25  SCV, Marine x2  
  119  10:27  Marine x2  
  119  10:28  Marine x2  
  116  10:29  Widow Mine  
  116  10:33  Widow Mine  
  115  10:36  Medivac, Marauder  
  115  10:37  SCV  
  115  10:38  Medivac  
  115  10:42  Marine  
  105  10:43  Marine  
  105  10:44  Barracks  
  105  10:45  Barracks, Marine  
  93  10:50  Marine  
  93  10:52  SCV  
  93  10:53  Barracks Reactor x2  
  94  10:57  Marauder  
  94  11:00  SCV  
  97  11:04  Widow Mine, Missile Turret, Marine x3  
  97  11:05  Missile Turret, Widow Mine  
  97  11:06  SCV, Medivac  
  103  11:13  Starport, Missile Turret  
  103  11:15  SCV  
  104  11:19  Marauder  
  104  11:20  Barracks  
  104  11:22  SCV  
  104  11:23  Marine x4  
  111  11:27  SCV  
  111  11:30  Marine x4  
  116  11:33  Terran Infantry Armor Level 3  
  116  11:34  Terran Infantry Weapons Level 3  
  116  11:39  Command Center  
  116  11:40  Barracks  
  116  11:41  Supply Depot  
  116  11:43  Supply Depot  
  116  11:44  Supply Depot  
  116  11:46  Marauder, Supply Depot, Medivac, SCV x2, Marine x2  
  124  11:48  Supply Depot  
  124  11:52  Marine x2  
  124  11:53  Starport Reactor, Marine x2  
  124  11:56  Marine x2  
  124  11:57  Widow Mine  
  124  12:02  Combat Shields, Marine x2, Widow Mine  
  124  12:05  Barracks Tech Lab  
  124  12:06  Marine  
  124  12:08  Marauder  
  131  12:10  Marine x2  
  131  12:11  Marine  
  131  12:13  Barracks Reactor  
  131  12:14  SCV, Marine  
  131  12:15  Marine x2  
  138  12:17  SCV  
  138  12:19  SCV  
  138  12:20  Marine  
  138  12:21  Marine  
  138  12:22  Medivac x2  
  146  12:24  Marine  
  146  12:25  SCV, Widow Mine  
  146  12:28  Marine  
  146  12:29  Refinery x2, Marauder  
  153  12:36  Marauder, Marine x4  
  160  12:38  Barracks Reactor, Marine  
  160  12:39  Medivac, Marine  
  160  12:42  Marine  
  164  12:50  Medivac, Marine  
  164  12:51  Marauder  
  169  12:53  Marine  
  169  12:54  SCV, Marine  
  169  12:55  Missile Turret  
  169  12:57  Missile Turret, Marine x4  
  169  12:58  Marauder  
  178  12:59  Missile Turret  
  178  13:02  Missile Turret  
  178  13:03  Missile Turret x2, Orbital Command  
  178  13:07  Missile Turret  
  178  13:28  Marauder x2  
  168  13:35  Widow Mine, Marine x11  
  179  13:46  Refinery  
  179  13:47  Refinery  
  179  13:57  SCV  
  179  14:02  Marine  
  179  14:03  Marine x3  
  179  14:04  Marine  
  179  14:05  Marine x3  
  179  14:06  Marine x2, Widow Mine, Medivac x3  
  179  14:07  Marauder x2  
  179  14:08  Medivac  
  179  14:27  Starport  
  179  14:40  Command Center  
  179  14:42  Marine  
  179  14:44  Marine  
  179  14:45  Marine x2  
Tags
 
Add a new tag
Caveats
  • Supply blocks, unpowered buildings, or Contaminate may cause inaccurate times.
  • Supply counts are checked every 10 seconds.